 Dungeon Crawl Stone Soup version 0.28.0-45-g0d030f2227 (webtiles) character file.

Game seed: 13067551405710911670

117 Treehippy the Conjurer (level 5, -2/31 HPs)
             Began as an Octopode Hedge Wizard on Apr 15, 2022.
             Slain by an orc priest
             ... wielding a +0 hand axe
              (7 damage)
             ... on level 3 of the Dungeon.
             The game lasted 00:05:52 (3442 turns).

Treehippy the Conjurer (Octopode Hedge Wizard)      Turns: 3442, Time: 00:05:53

Health: -2/31      AC:  1    Str:  9    XL:     5   Next: 1%
Magic:  6/9        EV: 13    Int: 18    God:
Gold:   85         SH:  0    Dex: 12    Spells: 5/10 levels left

rFire   . . .      SeeInvis .   j - +0 falchion
rCold   . . .      Faith    .   (no shield)
rNeg    . . .      Spirit   .   b - +0 hat
rPois   .          Reflect  .   (no amulet)
rElec   .          Harm     .   (no ring)
rCorr   .          Rampage  .   (no ring)
Will    .....                   (no ring)
Stlth   +++.......              (no ring)
HPRegen 0.10/turn               (no ring)
MPRegen 0.11/turn               (no ring)
                                (no ring)
                                (no ring)

@: no status effects
A: almost no armour, amphibious, 8 rings, camouflage 1, gelatinous body 1,
(nimble swimmer 1), tentacles
a: no special abilities


You were on level 3 of the Dungeon.
You visited 1 branch of the dungeon, and saw 3 of its levels.

You collected 85 gold pieces.

Inventory:

Hand Weapons
 d - a +0 short sword
 j - a +0 falchion (weapon)
 o - a +0 spear
Missiles
 k - 33 stones
Armour
 b - a +0 hat (worn)
Wands
 p - a wand of iceblast (6)
Scrolls
 a - a scroll of vulnerability {unknown}
 c - a scroll of brand weapon {unknown}
 g - a scroll of enchant weapon {unknown}
 i - a scroll of fear {unknown}
 m - 2 scrolls of identify {unknown}
 n - a scroll of enchant armour {unknown}
Potions
 e - a potion of heal wounds {unknown}
 f - 2 potions of degeneration {unknown}
 h - a potion of curing {unknown}
 l - a potion of might {unknown}


   Skills:
 - Level 2.0 Dodging
 - Level 2.6 Stealth
 - Level 3.0 Spellcasting
 + Level 4.6 Conjurations
 - Level 1.0 Summonings
 - Level 1.0 Translocations


You had 5 spell levels left.
You knew the following spells:

 Your Spells              Type           Power      Damage    Failure   Level
a - Magic Dart            Conj           76%        1d6       2%          1
b - Call Imp              Summ           6%         N/A       16%         2
c - Blink                 Tloc           12%        N/A       16%         2

Your spell library contained the following spells:

 Spells                   Type           Power      Damage    Failure   Level
 Slow                     Hex            8%         N/A       16%         1
 Conjure Flame            Conj/Fire      11%        6-21      19%         3
 Mephitic Cloud           Conj/Pois/Air  8%         N/A       26%         3


Dungeon Overview and Level Annotations

Branches:
Dungeon (3/15)

Altars:
Nemelex Xobeh


Innate Abilities, Weirdness & Mutations

You cannot wear most types of armour.
You are amphibious.
You can wear up to eight rings at the same time.
Your skin changes colour to match your surroundings (Stealth+).
Your rubbery body absorbs attacks. (AC +1, EV +1)
((You are camouflaged when in or above water. (Stealth+)))
You have tentacles for arms and can constrict up to eight enemies at once.


Message History

There is a stone staircase leading up here.
You climb upwards.
There is a stone staircase leading down here.
You start resting.
Magic restored.
You start resting.
HP restored.
You climb downwards.
There is a stone staircase leading up here.
Casting: Magic Dart (safe; 2% risk of failure)
Confirm with . or Enter, or press ? or * to list all spells.
Aiming: Magic Dart (safe; 2% risk of failure)
Press: ? - help, Shift-Dir - straight line, f - orc priest
Aim: an orc priest, wielding a +0 hand axe (100% to hit)
The magic dart hits the orc priest.
The orc priest is heavily wounded.
The orc priest misses you.
You barely miss the orc priest. Your grab misses the orc priest.
You squeeze the orc priest.
The orc priest is heavily wounded.
The orc priest mumbles some strange prayers to Beogh against you.
Pain shoots through your body!
Casting: Magic Dart (safe; 2% risk of failure)
Confirm with . or Enter, or press ? or * to list all spells.
Aiming: Magic Dart (safe; 2% risk of failure)
Press: ? - help, Shift-Dir - straight line, f/p - orc priest
Aim: an orc priest, wielding a +0 hand axe (heavily wounded, 100% to hit)
The magic dart hits the orc priest.
The orc priest is almost dead.
The orc priest invokes the aid of Beogh against you.
Beogh smites you!
* * * LOW HITPOINT WARNING * * *
Casting: Magic Dart (safe; 2% risk of failure)
Confirm with . or Enter, or press ? or * to list all spells.
Aiming: Magic Dart (safe; 2% risk of failure)
Press: ? - help, Shift-Dir - straight line, f/p - orc priest
Aim: an orc priest, wielding a +0 hand axe (almost dead, 100% to hit)
The magic dart hits the orc priest.
The orc priest is almost dead.
The orc priest hits you with a +0 hand axe!
You die...

# ...####
.......##########
.......o........#
....##.#######..#
. #. #.[# #. #..#
#. #..#
#.#######o@#
#...##.....#
#.#.##?###.#
#.#.#...##.#
#.#......#.#
#..........#
###...o..###
#..#..†##
#.###.##


You could see an orc priest.

Vanquished Creatures
  An orc wizard (D:3)
  2 adders
  2 worms (D:2)
  4 dart slugs
  An orc (D:3)
  5 bats
  10 endoplasms
  4 giant cockroaches
  2 goblins
  6 hobgoblins
  3 jackals
  6 kobolds
  2 quokkas
  3 ball pythons (D:1)
  4 frilled lizards
  3 rats
58 creatures vanquished.

Notes
Turn   | Place    | Note
-------+----------+-------------------------------------------
     0 | D:1      | Treehippy the Octopode Hedge Wizard began the quest for the
                  | Orb.
     0 | D:1      | Reached XP level 1. HP: 11/11 MP: 4/4
   189 | D:1      | Reached skill level 2 in Conjurations
   189 | D:1      | Reached XP level 2. HP: 17/17 MP: 3/6
   737 | D:1      | Learned a level 2 spell: Call Imp
   740 | D:1      | Learned a level 2 spell: Blink
   821 | D:1      | Reached XP level 3. HP: 21/21 MP: 4/7
   899 | D:1      | Reached skill level 3 in Conjurations
  1859 | D:2      | Found a sparkling altar of Nemelex Xobeh.
  2251 | D:2      | Reached XP level 4. HP: 27/27 MP: 2/8
  2818 | D:3      | Reached skill level 4 in Conjurations
  3253 | D:3      | Reached XP level 5. HP: 25/31 MP: 5/9
  3442 | D:3      | Slain by an orc priest

Illustrated notes

Levels and vault maps discovered:
D:1:      eino_arrival_water_star, layout_basic
D:2:      layout_basic, basic_altar, kennysheep_generic_room_8
D:3:      layout_loops_ring

Skill      XL: |  1  2  3  4 |
---------------+-------------+-----
Conjurations   | 2 3 4 |  4.6
Dodging        | |  2.0
Stealth        | |  2.6
Spellcasting   | |  3.0
Summonings     | |  1.0
Translocations | |  1.0

Action                   |  1- 3 |  4- 6 || total
-------------------------+-------+-------++-------
Melee: Dagger            |     4 |       ||     4
       Constrict         |     5 |       ||     5
       Tentacles         |     2 |     1 ||     3
       Short sword       |     6 |       ||     6
       Falchion          |     2 |     1 ||     3
 Cast: Magic Dart        |   106 |    53 ||   159
Armor: Skin              |     3 |       ||     3
Dodge: Dodged            |    20 |     4 ||    24
